 Dungeon Crawl Stone Soup version 0.29-a0-284-gf9362112df (webtiles) character file.

Game seed: 14358087284686744972

58 kae the Skirmisher (level 4, -5/37 HPs)
             Began as a Merfolk Abyssal Knight on Mar 15, 2022.
             Was a Believer of Lugonu.
             Slain by Terence
             ... wielding a +2 falchion of freezing
              (7 damage)
             ... on level 2 of the Dungeon.
             The game lasted 00:01:01 (1929 turns).

kae the Skirmisher (Merfolk Abyssal Knight)         Turns: 1929, Time: 00:01:02

Health: -5/37      AC:  4    Str: 13    XL:     4   Next: 1%
Magic:  0/5        EV: 13    Int:  9    God:    Lugonu [**....]
Gold:   51         SH:  0    Dex: 16    Spells: 3/3 levels left

rFire   . . .      SeeInvis .   a - +1 falchion
rCold   . . .      Faith    .   (no shield)
rNeg    . . .      Spirit   +   b - +1 leather armour
rPois   .          Reflect  .   (no helmet)
rElec   .          Harm     .   (no cloak)
rCorr   .          Rampage  .   (no gloves)
Will    .....                   (no boots)
Stlth   +.........              e - amulet of guardian spirit
HPRegen 0.12/turn               (no ring)
MPRegen 0.09/turn               (no ring)

@: no status effects
A: (nimble swimmer 2), mertail
a: Renounce Religion, Depart the Abyss, Bend Space


You were on level 2 of the Dungeon.
You worshipped Lugonu.
Lugonu was pleased with you.
You visited 1 branch of the dungeon, and saw 3 of its levels.
You visited the Abyss 1 time.

You collected 51 gold pieces.

Inventory:

Hand Weapons
 a - a +1 falchion (weapon)
Armour
 b - a +1 leather armour (worn)
Jewellery
 e - an amulet of guardian spirit (around neck)
 g - an amulet of magic regeneration
Potions
 c - a potion of magic {unknown}
 d - 2 potions of berserk rage {unknown}
 f - a potion of degeneration {unknown}
 h - 4 potions of heal wounds {unknown}


   Skills:
 + Level 3.7 Fighting
 * Level 3.7 Long Blades
 - Level 0.6 Armour
 + Level 3.4 Dodging
 + Level 2.6 Invocations


You had 3 spell levels left.
You didn't know any spells.
Your spell library contained the following spells:

 Spells                   Type           Power      Damage    Failure   Level
 Pain                     Necr           0%         1d4       45%         1
 Slow                     Hex            0%         N/A       45%         1
 Confusing Touch          Hex            0%         N/A       83%         3
 Vampiric Draining        Necr           0%         2d6       83%         3
 Agony                    Necr           0%         N/A       100%        5
 Excruciating Wounds      Necr           0%         N/A       100%        5


Dungeon Overview and Level Annotations

Branches:
Dungeon (3/15)

Altars:

Shops:
D:1 [

Annotations:
D:2 Terence


Innate Abilities, Weirdness & Mutations

((You are very nimble when in or above water. (Stealth+, EV+, Speed+++)))
Your lower body shifts to a powerful aquatic tail in water.


Message History

You aren't in the Abyss!
Terence zaps a wand.
Some rock shatters into small pieces.
Unknown command.
Terence zaps a wand.
You hear a grinding noise.
There is a stone staircase leading down here.
You climb downwards.
There is a stone staircase leading up here.
You start resting.
Magic restored.
HP restored.
You climb upwards.
Level annotation: Terence Terence barely misses you.
Terence closely misses you.
There is a stone staircase leading down here.
You hit Terence but do no damage.
Terence hits you with a +2 falchion of freezing.
Terence freezes you.
You hit Terence but do no damage.
Terence hits you with a +2 falchion of freezing.
Terence freezes you.
You hit Terence.
Terence is lightly wounded.
Terence hits you with a +2 falchion of freezing.
Terence freezes you.
You are too injured to fight recklessly!
You completely miss Terence.
Terence is lightly wounded.
Terence hits you with a +2 falchion of freezing.
Terence freezes you.
You are too injured to fight recklessly!
You are too injured to fight recklessly!
You hit Terence.
Terence is moderately wounded.
Terence hits you with a +2 falchion of freezing!
* * * LOW HITPOINT WARNING * * *
Terence freezes you.
* * * LOW HITPOINT WARNING * * *
Terence hits you with a +2 falchion of freezing!
You die...

#.# #.#.#.# #.#########
#.# #.#.#.# #.# #.#
#.#.#.# #.# #.# #.#.#.#
##.# #.# #.#.#.# #.#.#
#.# #...#.# ##.##.####
#.# #.####........# ###.#
#.##@.........# ...#
#.##@#.###.#..#
#.###.#......#.#..#
#..##..#.#.#.#.#..#######
#.............)#.........
####.###.#.#.####.#######
##.##.....####.#
#.###........#
#.########### #.#


You could see Terence.

Vanquished Creatures
  An iguana (D:2)
  2 dart slugs
  A ball python (D:2)
  4 endoplasms (D:1)
  4 goblins
  3 hobgoblins
  A quokka (D:2)
  2 bats
  2 frilled lizards (D:2)
  2 kobolds
  5 rats
27 creatures vanquished.

Notes
Turn   | Place    | Note
-------+----------+-------------------------------------------
     0 | Abyss:1  | kae the Merfolk Abyssal Knight began the quest for the Orb.
     0 | Abyss:1  | Reached XP level 1. HP: 18/18 MP: 2/2
     0 | D:1      | Escaped the Abyss
   241 | D:1      | Reached XP level 2. HP: 20/24 MP: 3/3
   582 | D:1      | Found Feonay's Antique Armour Boutique.
   598 | D:1      | Reached ** piety under Lugonu
   856 | D:2      | Reached XP level 3. HP: 23/29 MP: 4/4
  1440 | D:2      | Noticed Terence
  1441 | D:2      | Reached XP level 4. HP: 37/37 MP: 5/5
  1589 | D:2      | Identified the +7 dagger of Hatred {flame, *Rage rF+++ rN+
                  | Will+}
  1929 | D:2      | Slain by Terence

Illustrated notes

Levels and vault maps discovered:
D:1:      saegor_arrival_simple_e, layout_rooms, serial_shops,
          nicolae_shop_statue_plus, minmay_close_crescents
D:2:      layout_loops_ring, uniq_terence
D:3:      layout_basic, mainiacjoe_overflow_concentric_impassable,
          nicolae_qazlal_general_emergency

Skill      XL: |  1  2 |
---------------+-------+-----
Dodging        | 3 |  3.4
Long Blades    | 3 |  3.7
Fighting       | |  3.7
Armour         | |  0.6
Invocations    | |  2.6

Action                   |  1- 3 |  4- 6 || total
-------------------------+-------+-------++-------
Melee: Falchion          |    70 |    15 ||    85
Invok: Depart the Abyss  |     1 |       ||     1
  Use: Scroll            |     3 |     1 ||     4
Armor: Leather armour    |    15 |       ||    15
Dodge: Dodged            |    35 |     8 ||    43

Table legend: (Time is in decaauts)
 A = Elapsed time spent in this place.
 B = Non-inter-level travel time spent in this place.
 C = Inter-level travel time spent in this place.
 D = Time resting spent in this place.
 E = Time spent auto-exploring this place.
 F = Levels seen in this place.
 G = Mean time per level.
                   A        B        C        D        E       F      G
               +--------+--------+--------+--------+--------+-----+--------+
         Total |   1940 |   1923 |     17 |    544 |   1127 |   4 |  485.0 |
       Dungeon |   1940 |   1923 |     17 |    544 |   1127 |   3 |  646.7 |
         Abyss |      0 |      0 |      0 |      0 |      0 |   1 |    0.0 |
               +--------+--------+--------+--------+--------+-----+--------+

Top non-repeatable levels by time:
     D:2: 902 daAuts
     D:1: 764 daAuts
     D:3: 273 daAuts
